PA
GWINNETT COUNTY BLACK CATS @ YELLOWKNIFE DRAGONBLOOD
08/01/2021
 
TOP OF THE 1ST
Gwinnett County Black Cats batting - Pitching for Yellowknife Dragonblood : RHP Esteban Ruíz
Pitching: RHP Esteban Ruíz
Batting: RHB Steve Jones 0-0: Called Strike
0-1: Ball
1-1: Ball
2-1: Ball
3-1: Called Strike
3-2: Strikes out swinging
Batting: RHB Vicente Espinoza 0-0: Swinging Strike
0-1: Swinging Strike
0-2: Foul Ball, location: 2F
0-2: Ball
1-2: Ball
2-2: Ball
3-2: Base on Balls
Batting: SHB Chris Murray 0-0: Called Strike
0-1: Fly out, F8 (Flyball, 8LM)
0-1: Fly out, F8 (Flyball, 8LM)
Batting: RHB José Carlos Ramos 0-0: Foul Ball, location: 2F
0-1: Foul Ball, location: 2F
0-2: Ball
1-2: Foul Ball, location: 2F
1-2: Ball
2-2: Ground out 6-3 (Groundball, 56)
Top of the 1st over - 0 run(s), 0 hit(s), 0 error(s), 1 left on base; Gwinnett County 0 - Yellowknife 0
BOTTOM OF THE 1ST
Yellowknife Dragonblood batting - Pitching for Gwinnett County Black Cats : RHP Maik Kruidenier
Pitching: RHP Maik Kruidenier
Batting: LHB Jorge Garza 0-0: Called Strike
0-1: Fly out, F2 (Popup, 2L)
Batting: LHB Gabriel Córdova 0-0: Called Strike
0-1: Ball
1-1: Foul Ball, location: 2F
1-2: Foul Ball, location: 2F
1-2: Ground out 4-3 (Groundball, 4)
Batting: LHB Carl Duncan 0-0: Ball
1-0: Swinging Strike
1-1: Ball
2-1: Ball
3-1: Swinging Strike
3-2: Strikes out swinging
Bottom of the 1st over - 0 run(s), 0 hit(s), 0 error(s), 0 left on base; Gwinnett County 0 - Yellowknife 0
TOP OF THE 2ND
Gwinnett County Black Cats batting - Pitching for Yellowknife Dragonblood : RHP Esteban Ruíz
Batting: RHB Arturo Maldonado 0-0: Ground out 2-3 (Groundball, 25)
Batting: RHB Roberto Aguilar 0-0: Ball
1-0: Ball
2-0: Ball
3-0: Called Strike
3-1: Swinging Strike
3-2: Strikes out swinging
Batting: RHB Manny Araújo 0-0: Fly out, F9 (Flyball, 9M)
Top of the 2nd over - 0 run(s), 0 hit(s), 0 error(s), 0 left on base; Gwinnett County 0 - Yellowknife 0
BOTTOM OF THE 2ND
Yellowknife Dragonblood batting - Pitching for Gwinnett County Black Cats : RHP Maik Kruidenier
Batting: RHB Javier Chávez 0-0: Ball
1-0: Ball
2-0: Ball
3-0: Foul Ball, location: 2F
3-1: Called Strike
3-2: Fly out, F7 (Flyball, 78S)
Batting: LHB Ángel Aguilar 0-0: Foul Ball, location: 2F
0-1: Fly out, F8 (Flyball, 78S)
Batting: RHB Sancho Balderas 0-0: Fly out, F9 (Popup, 4D)
Bottom of the 2nd over - 0 run(s), 0 hit(s), 0 error(s), 0 left on base; Gwinnett County 0 - Yellowknife 0
TOP OF THE 3RD
Gwinnett County Black Cats batting - Pitching for Yellowknife Dragonblood : RHP Esteban Ruíz
Batting: RHB Ghislain Vespucci 0-0: Ground out 6-3 (Groundball, 6)
Batting: RHB Alfonso López 0-0: SINGLE (Line Drive, 4MD)
Batting: RHB Steve Jones 0-0: Ball
Alfonso López is caught stealing 2nd base
1-0: Ball
2-0: Swinging Strike
2-1: SINGLE (Groundball, 6D)
Batting: RHB Vicente Espinoza 0-0: Ball
1-0: Fielders Choice at 2nd, U4 (Groundball, 4M)
Top of the 3rd over - 0 run(s), 2 hit(s), 0 error(s), 1 left on base; Gwinnett County 0 - Yellowknife 0
BOTTOM OF THE 3RD
Yellowknife Dragonblood batting - Pitching for Gwinnett County Black Cats : RHP Maik Kruidenier
Batting: RHB Rodriguo Condea 0-0: Ball
1-0: Foul Ball, location: 2F
1-1: Ball
2-1: Ball
3-1: SINGLE (Groundball, 5D)
Batting: RHB Jesús Hernández 0-0: Ball
1-0: Swinging Strike
1-1: Ball
2-1: Foul Ball, location: 2F
2-2: Ground out 5-3 (Groundball, 15S)
Rodriguo Condea to second
Batting: RHB Héctor Ruíz 0-0: Ball
1-0: Ball
2-0: Ball
3-0: Foul Ball, location: 2F
3-1: Foul Ball, location: 2F
3-2: Base on Balls
Batting: LHB Jorge Garza 0-0: Ball
1-0: Ball
2-0: Foul Ball, location: 2F
2-1: Foul Ball, location: 2F
2-2: Ball
3-2: Base on Balls
Rodriguo Condea to third
Héctor Ruíz to second
Batting: LHB Gabriel Córdova 0-0: Ball
1-0: Called Strike
1-1: Ball
2-1: Ball
3-1: Foul Ball, location: 2F
3-2: Base on Balls
Rodriguo Condea scores
Héctor Ruíz to third
Jorge Garza to second
Batting: LHB Carl Duncan 0-0: Called Strike
0-1: Ball
1-1: Ball
2-1: Swinging Strike
2-2: Foul Ball, location: 2F
2-2: DOUBLE (Line Drive, 8RD)
Héctor Ruíz scores
Jorge Garza scores
Gabriel Córdova to third
Batting: RHB Javier Chávez 0-0: Called Strike
0-1: Ball
1-1: Foul Ball, location: 2F
1-2: Ball
2-2: SINGLE (Groundball, 6MD)
Gabriel Córdova scores
Carl Duncan to third
Runner from 3rd tries for Home, SAFE, throw made home
Javier Chávez to second
Batting: LHB Ángel Aguilar 0-0: Ball
1-0: Foul Ball, location: 2F
1-1: Ball
2-1: Foul Ball, location: 2F
2-2: Ground out U3 (Groundball, 3L)
Javier Chávez to third
Batting: RHB Sancho Balderas 0-0: Ball
1-0: Foul Ball, location: 2F
1-1: Called Strike
1-2: Strikes out swinging
Bottom of the 3rd over - 5 run(s), 3 hit(s), 0 error(s), 1 left on base; Gwinnett County 0 - Yellowknife 5
TOP OF THE 4TH
Gwinnett County Black Cats batting - Pitching for Yellowknife Dragonblood : RHP Esteban Ruíz
Batting: SHB Chris Murray 0-0: Called Strike
0-1: Called Strike
0-2: Strikes out looking
Batting: RHB José Carlos Ramos 0-0: Ball
1-0: Foul Ball, location: 2F
1-1: Ball
2-1: SINGLE (Groundball, 6M)
Batting: RHB Arturo Maldonado 0-0: Called Strike
0-1: Ball
1-1: SINGLE (Line Drive, 56D)
José Carlos Ramos to second
Batting: RHB Roberto Aguilar 0-0: Ball
1-0: Foul Ball, location: 2F
1-1: Called Strike
1-2: Ball
2-2: Strikes out swinging
Batting: RHB Manny Araújo 0-0: Ball
1-0: SINGLE (Line Drive, 6M)
José Carlos Ramos to third
Arturo Maldonado to second
Batting: RHB Ghislain Vespucci 0-0: Ball
1-0: Ball
2-0: Ball
3-0: Base on Balls
José Carlos Ramos scores
Arturo Maldonado to third
Manny Araújo to second
Batting: RHB Alfonso López 0-0: Ball
1-0: SINGLE (Line Drive, 7S)
Arturo Maldonado scores
Manny Araújo to third
Ghislain Vespucci to second
Batting: RHB Steve Jones 0-0: Called Strike
0-1: Ball
1-1: Ball
2-1: Fly out, F7 (Flyball, 7LSF)
Top of the 4th over - 2 run(s), 4 hit(s), 0 error(s), 3 left on base; Gwinnett County 2 - Yellowknife 5
BOTTOM OF THE 4TH
Yellowknife Dragonblood batting - Pitching for Gwinnett County Black Cats : RHP Maik Kruidenier
Batting: RHB Rodriguo Condea 0-0: Foul Ball, location: 2F
0-1: Foul Ball, location: 2F
0-2: Ball
1-2: Ball
2-2: Strikes out swinging
Batting: RHB Jesús Hernández 0-0: Ball
1-0: Called Strike
1-1: Ball
2-1: SINGLE (Line Drive, 56)
Batting: RHB Héctor Ruíz 0-0: Ball
Jesús Hernández is caught stealing 2nd base
1-0: Foul Ball, location: 2F
1-1: Foul Ball, location: 2F
1-2: SINGLE (Groundball, 6D)
Batting: LHB Jorge Garza 0-0: Ball
Héctor Ruíz is caught stealing 2nd base
Bottom of the 4th over - 0 run(s), 2 hit(s), 0 error(s), 0 left on base; Gwinnett County 2 - Yellowknife 5
TOP OF THE 5TH
Gwinnett County Black Cats batting - Pitching for Yellowknife Dragonblood : RHP Esteban Ruíz
Batting: RHB Vicente Espinoza 0-0: Called Strike
0-1: Swinging Strike
0-2: Ball
1-2: Strikes out swinging
Batting: SHB Chris Murray 0-0: Ball
1-0: Called Strike
1-1: SINGLE (Line Drive, 78S)
Batting: RHB José Carlos Ramos 0-0: Called Strike
0-1: Ball
1-1: SINGLE (Groundball, 56D)
Chris Murray to second
Batting: RHB Arturo Maldonado 0-0: Ball
1-0: Foul Ball, location: 2F
1-1: Called Strike
1-2: Ball
2-2: Strikes out looking
Batting: RHB Roberto Aguilar 0-0: Foul Ball, location: 2F
0-1: Swinging Strike
0-2: Strikes out swinging
Top of the 5th over - 0 run(s), 2 hit(s), 0 error(s), 2 left on base; Gwinnett County 2 - Yellowknife 5
BOTTOM OF THE 5TH
Yellowknife Dragonblood batting - Pitching for Gwinnett County Black Cats : RHP Maik Kruidenier
Batting: LHB Jorge Garza 0-0: Ball
1-0: Swinging Strike
1-1: Foul Ball, location: 2F
1-2: Ball
2-2: SINGLE (Groundball, 4M)
Batting: LHB Gabriel Córdova 0-0: Ball
1-0: Called Strike
1-1: Ball
2-1: Called Strike
2-2: Foul Ball, location: 2F
2-2: Fielders Choice at 2nd, 1-6 (Groundball, 13)
Batting: LHB Carl Duncan 0-0: Ball
Throwing error on steal attempt, E2
Gabriel Córdova to third
1-0: Ground out 6-3 (Groundball, 6S)
Batting: RHB Javier Chávez 0-0: Swinging Strike
0-1: Foul Ball, location: 2F
0-2: Foul Ball, location: 2F
0-2: Ball
1-2: Foul Ball, location: 2F
1-2: Reached on error, E5 (Groundball, 56S)
Gabriel Córdova scores
Pitching: RHP Eduardo Villa
Batting: LHB Ángel Aguilar 0-0: Ball
1-0: Called Strike
1-1: Called Strike
Javier Chávez is caught stealing 2nd base
Bottom of the 5th over - 1 run(s), 1 hit(s), 2 error(s), 0 left on base; Gwinnett County 2 - Yellowknife 6
TOP OF THE 6TH
Gwinnett County Black Cats batting - Pitching for Yellowknife Dragonblood : RHP Esteban Ruíz
Batting: RHB Manny Araújo 0-0: Foul Ball, location: 2F
0-1: Ball
1-1: Ball
2-1: Called Strike
2-2: Fly out, F4 (Popup, 3DF)
Batting: RHB Ghislain Vespucci 0-0: Fly out, F8 (Flyball, 89D)
Now in CF: Lloyd Walsh
Batting: RHB Alfonso López 0-0: Ball
1-0: Called Strike
1-1: SINGLE (Groundball, 4MS)
Batting: RHB Steve Jones 0-0: Ball
1-0: Ball
Alfonso López steals 2nd base
2-0: Foul Ball, location: 2F
2-1: Ball
3-1: Called Strike
3-2: Strikes out looking
Top of the 6th over - 0 run(s), 1 hit(s), 0 error(s), 1 left on base; Gwinnett County 2 - Yellowknife 6
BOTTOM OF THE 6TH
Yellowknife Dragonblood batting - Pitching for Gwinnett County Black Cats : RHP Eduardo Villa
Batting: LHB Ángel Aguilar 0-0: Ball
1-0: Swinging Strike
1-1: Called Strike
1-2: Foul Ball, location: 2F
1-2: Ball
2-2: Strikes out swinging
Batting: RHB Sancho Balderas 0-0: Fly out, F5 (Popup, 5S)
Batting: RHB Rodriguo Condea 0-0: Ball
1-0: Called Strike
1-1: DOUBLE (Flyball, 9LM)
Batting: RHB Jesús Hernández 0-0: Ball
1-0: Ball
2-0: Called Strike
2-1: Called Strike
2-2: Ground out 6-3 (Groundball, 6)
Bottom of the 6th over - 0 run(s), 1 hit(s), 0 error(s), 1 left on base; Gwinnett County 2 - Yellowknife 6
TOP OF THE 7TH
Gwinnett County Black Cats batting - Pitching for Yellowknife Dragonblood : RHP Esteban Ruíz
Batting: RHB Vicente Espinoza 0-0: Called Strike
0-1: Swinging Strike
0-2: Ball
1-2: Foul Ball, location: 2F
1-2: Strikes out swinging
Batting: SHB Chris Murray 0-0: Ball
1-0: Ball
2-0: Fly out, F7 (Flyball, 78M)
Batting: RHB José Carlos Ramos 0-0: Called Strike
0-1: Foul Ball, location: 2F
0-2: Ball
1-2: Foul Ball, location: 2F
1-2: SINGLE (Groundball, 56D)
Batting: RHB Arturo Maldonado 0-0: Called Strike
0-1: SINGLE (Groundball, 4MD)
José Carlos Ramos to second
Batting: RHB Roberto Aguilar 0-0: Called Strike
0-1: SINGLE (Line Drive, 9S)
José Carlos Ramos to third
Arturo Maldonado to second
Batting: RHB Manny Araújo 0-0: Ball
1-0: Ball
2-0: Foul Ball, location: 2F
2-1: Swinging Strike
2-2: Foul Ball, location: 2F
2-2: Strikes out swinging
Top of the 7th over - 0 run(s), 3 hit(s), 0 error(s), 3 left on base; Gwinnett County 2 - Yellowknife 6
BOTTOM OF THE 7TH
Yellowknife Dragonblood batting - Pitching for Gwinnett County Black Cats : RHP Eduardo Villa
Batting: RHB Lloyd Walsh 0-0: Foul Ball, location: 2F
0-1: Ball
1-1: Called Strike
1-2: Fly out, F7 (Flyball, 7M)
Batting: LHB Jorge Garza 0-0: Called Strike
0-1: Ball
1-1: Ball
2-1: Fly out, F8 (Flyball, 8LM)
Batting: LHB Gabriel Córdova 0-0: SINGLE (Line Drive, 8LS)
Batting: LHB Carl Duncan 0-0: Ball
1-0: Called Strike
Gabriel Córdova steals 2nd base
1-1: Ball
2-1: Foul Ball, location: 2F
2-2: Foul Ball, location: 2F
2-2: Ball
3-2: Foul Ball, location: 2F
3-2: Ground out 3-1 (Groundball, 34)
Bottom of the 7th over - 0 run(s), 1 hit(s), 0 error(s), 1 left on base; Gwinnett County 2 - Yellowknife 6
TOP OF THE 8TH
Gwinnett County Black Cats batting - Pitching for Yellowknife Dragonblood : RHP Esteban Ruíz
Batting: RHB Ghislain Vespucci 0-0: Foul Ball, location: 2F
0-1: Ground out 4-3 (Groundball, 4M)
Batting: RHB Alfonso López 0-0: Called Strike
0-1: Called Strike
0-2: Strikes out looking
Batting: RHB Steve Jones 0-0: Called Strike
0-1: Fly out, F5 (Popup, 25F)
Top of the 8th over - 0 run(s), 0 hit(s), 0 error(s), 0 left on base; Gwinnett County 2 - Yellowknife 6
BOTTOM OF THE 8TH
Yellowknife Dragonblood batting - Pitching for Gwinnett County Black Cats : RHP Eduardo Villa
Batting: RHB Javier Chávez 0-0: Ball
1-0: Ball
2-0: Ball
3-0: Called Strike
3-1: Base on Balls
Batting: LHB Ángel Aguilar 0-0: Ball
1-0: SINGLE (Groundball, 34D) (infield hit)
Javier Chávez to second
Batting: RHB Sancho Balderas 0-0: Sac Bunt - play at first, batter safe!
Javier Chávez to third
Ángel Aguilar to second
Batting: RHB Rodriguo Condea 0-0: Called Strike
0-1: Ball
1-1: Foul Ball, location: 2F
1-2: Hit by Pitch
Javier Chávez scores
Ángel Aguilar to third
Sancho Balderas to second
Pitching: RHP Raúl Encarnación
Batting: RHB Jesús Hernández 0-0: Ball
1-0: Foul Ball, location: 2F
1-1: Foul Ball, location: 2F
1-2: Fly out, F9 (Popup, 34D)
Batting: RHB Lloyd Walsh 0-0: Called Strike
0-1: Foul Ball, location: 2F
0-2: SINGLE (Flyball, 78S)
Ángel Aguilar scores
Sancho Balderas to third
Rodriguo Condea to second
Batting: LHB Jorge Garza 0-0: Called Strike
0-1: Ball
1-1: Ball
2-1: Ball
3-1: SINGLE (Groundball, 34)
Sancho Balderas scores
Rodriguo Condea to third
Lloyd Walsh to second
Batting: LHB Gabriel Córdova 0-0: Called Strike
0-1: Ball
1-1: Ball
2-1: Foul Ball, location: 2F
2-2: Fly out, F8 (Line Drive, 8LM)
Runner from 3rd tags up, OUT at HOME
Bottom of the 8th over - 3 run(s), 4 hit(s), 0 error(s), 2 left on base; Gwinnett County 2 - Yellowknife 9
TOP OF THE 9TH
Gwinnett County Black Cats batting - Pitching for Yellowknife Dragonblood : RHP Esteban Ruíz
Pitching: RHP Roy Gartner
Now at 1B: Pedro Rivera
Now at SS: Curt Johnston
Batting: RHB Vicente Espinoza 0-0: Ball
1-0: Ball
2-0: Hit by Pitch
Batting: SHB Chris Murray 0-0: Fly out, F7 (Line Drive, 7M)
Batting: RHB José Carlos Ramos 0-0: Ball
1-0: Ball
2-0: Fly out, F4 (Popup, 34)
Batting: RHB Arturo Maldonado 0-0: Ball
1-0: SINGLE (Groundball, 4MD)
Vicente Espinoza to second
Runner from 2nd tries for 3rd, SAFE, throw made to third
Batting: RHB Roberto Aguilar 0-0: Swinging Strike
0-1: Foul Ball, location: 2F
0-2: Strikes out swinging
Top of the 9th over - 0 run(s), 1 hit(s), 0 error(s), 2 left on base; Gwinnett County 2 - Yellowknife 9
This league is powered by Out of the Park Baseball, the baseball management simulation game for PC, Mac and Linux
Friday, January 22nd, 2016 - OOTP Baseball 16.9 Build 39